 Dungeon Crawl Stone Soup version 0.28.0-53-g5a82cb258f (webtiles) character file.

Game seed: 1104314330089561511

158 Qrupt the Slasher (level 5, 0/43 HPs)
             Began as a Palentonga Fighter on July 29, 2022.
             Was an Initiate of Makhleb.
             Killed by divine providence
             ... invoked by an orc priest
              (15 damage)
             ... on level 3 of the Dungeon.
             The game lasted 00:02:27 (2543 turns).

Qrupt the Slasher (Palentonga Fighter)              Turns: 2543, Time: 00:02:27

Health: 0/43       AC:  6    Str: 22    XL:     5   Next: 16%
Magic:  5/5        EV:  7    Int:  8    God:    Makhleb [......]
Gold:   112        SH:  4    Dex:  9    Spells: 4/4 levels left

rFire   . . .      SeeInvis +   a - +0 long sword
rCold   . . .      Faith    .   c - +0 buckler
rNeg    . . .      Spirit   .   b - +0 scale mail
rPois   .          Reflect  .   (no helmet)
rElec   .          Harm     .   (no cloak)
rCorr   .          Rampage  .   (no gloves)
Will    .....                   (no barding)
Stlth   ..........              (no amulet)
HPRegen 0.14/turn               (no ring)
MPRegen 0.09/turn               (no ring)

@: mighty
A: large, rugged brown scales 3, see invisible, deformed body, roll 1, armoured
tail
a: Rolling Charge, Renounce Religion


You were on level 3 of the Dungeon.
You worshipped Makhleb.
Makhleb was noncommittal.
You visited 1 branch of the dungeon, and saw 3 of its levels.

You collected 112 gold pieces.

Inventory:

Hand Weapons
 a - a +0 long sword (weapon)
Armour
 b - a +0 scale mail (worn)
 c - a +0 buckler (worn)
Jewellery
 h - an amulet of reflection
Wands
 j - a wand of polymorph (15)
Scrolls
 f - a scroll of identify {unknown}
 g - 2 scrolls of teleportation {unknown}
 i - a scroll of noise {unknown}
 k - a scroll of silence {unknown}
Potions
 d - 2 potions of might
 e - a potion of magic {unknown}


   Skills:
 + Level 3.4 Fighting
 + Level 3.8 Long Blades
 + Level 3.0 Armour
 + Level 0.5 Dodging
 + Level 3.1 Shields


You had 4 spell levels left.
You didn't know any spells.
Your spell library was empty.

Dungeon Overview and Level Annotations

Branches:
Dungeon (3/15)

Altars:
Ashenzari
Dithmenos
Hepliaklqana
Makhleb
Trog
Uskayaw
Yredelemnul


Innate Abilities, Weirdness & Mutations

You are completely covered in rugged brown scales. (AC +3, +7% HP)
You have supernaturally acute eyesight. (SInv)
Armour fits poorly on your strangely shaped body.
You can roll at nearby foes to attack.
You have a long armoured tail.


Message History

You hit the frilled lizard.
You kill the frilled lizard!
You see here a frilled lizard corpse.
Found a burning altar of Makhleb.
No target in view!
There is a burning altar of Makhleb here.
You kneel at the altar of Makhleb.
Makhleb welcomes you!
An orc comes into view. It is wielding a +3 mace of holy wrath.
An orc is nearby!
An orc is nearby!
An orc comes into view. It is wielding a +0 flail.
The orc shouts!
The orc moves out of view.
An orc comes into view. It is wielding a +0 flail.
An orc priest comes into view. It is wielding a +0 club.
The orc priest shouts!
The orc hits you with a +3 mace of holy wrath.
You slash the orc!
You kill the orc!
Makhleb accepts your kill.
An orc comes into view. It is wielding a +0 mace.
The orc shouts!
The orc priest calls down the wrath of Beogh upon you.
Beogh smites you!
Things that are here:
a +3 mace of holy wrath; a +0 scale mail You closely miss the orc.
You block the orc's attack. The orc closely misses you.
You closely miss the orc.
Your tail-slap misses the orc.
The orc hits you with a +0 flail. The orc barely misses you.
The orc hits you with a +0 flail.
You barely miss the orc.
The orc priest mumbles some strange prayers to Beogh against you.
Beogh smites you! You block the orc's attack. x2
You are too injured to fight recklessly!
You feel very mighty all of a sudden.
The orc priest mumbles some strange prayers to Beogh against you.
Beogh smites you!
You die...

#.......##.###....##
#..............#...)
#......###.#####..##
#.....## #........#
#.....# #######'##
###.### ##...## #.#
##.....# #.#
##....... #@#
#........
#oo......+........
#o#...####..[.....
#o##.## ##.......
#.# ## ##.....# #.#
##...## #.# ##'##
#.# #.# #.#


You could see an orc priest and 3 orcs.

Vanquished Creatures
  Jessica (D:3)
  Natasha (D:3)
  An orc wizard (D:3)
  2 adders
  5 orcs (D:3)
  4 ball pythons (D:1)
  7 bats
  8 endoplasms
  3 giant cockroaches
  3 goblins
  6 hobgoblins
  2 jackals (D:1)
  2 quokkas
  2 frilled lizards
  6 kobolds
  4 rats
57 creatures vanquished.

Notes
Turn   | Place    | Note
-------+----------+-------------------------------------------
     0 | D:1      | Qrupt the Palentonga Fighter began the quest for the Orb.
     0 | D:1      | Reached XP level 1. HP: 19/19 MP: 1/1
    85 | D:1      | Reached XP level 2. HP: 17/25 MP: 2/2
   555 | D:1      | Found a faded altar of an unknown god.
  1125 | D:2      | Reached XP level 3. HP: 31/31 MP: 3/3
  1957 | D:3      | Found a shadowy altar of Dithmenos.
  1959 | D:3      | Found a broken altar of Ashenzari.
  1969 | D:3      | Noticed Jessica
  1985 | D:3      | Killed Jessica
  1986 | D:3      | Reached XP level 4. HP: 37/37 MP: 4/4
  1990 | D:3      | Found a bloodstained altar of Trog.
  1994 | D:3      | Found a hazy altar of Hepliaklqana.
  1998 | D:3      | Found a basalt altar of Yredelemnul.
  2001 | D:3      | Found a hide-covered altar of Uskayaw.
  2002 | D:3      | Noticed Natasha
  2006 | D:3      | Killed Natasha
  2284 | D:3      | Reached XP level 5. HP: 27/43 MP: 5/5
  2498 | D:3      | Found a burning altar of Makhleb.
  2506 | D:3      | Became a worshipper of Makhleb the Destroyer
  2543 | D:3      | Killed from afar by an orc priest

Illustrated notes

Levels and vault maps discovered:
D:1:      lemuel_arrival_behind_the_door_small, layout_loops_cross,
          hellmonk_ecumenical_altar_inner_sanctum
D:2:      minmay_spotlight, layout_basic
D:3:      layout_loops_corners, lemuel_coloured_pillars_altar,
          nicolae_overflow_hallway_of_the_gods, chequers_serial_rivers_micro_e,
          uniq_natasha, uniq_jessica

Skill      XL: |  1  2  3  4 |
---------------+-------------+-----
Armour         | 3 |  3.0
Long Blades    | 3 |  3.8
Shields        | 3 |  3.1
Fighting       | |  3.4
Dodging        | |  0.5

Action                   |  1- 3 |  4- 6 || total
-------------------------+-------+-------++-------
Melee: Long sword        |   130 |    38 ||   168
       Tailslap          |    11 |     2 ||    13
  Use: Potion            |       |     1 ||     1
Armor: Scale mail        |    79 |    13 ||    92
       Skin              |     1 |       ||     1
Dodge: Dodged            |    53 |    11 ||    64
Block: Buckler           |    32 |     5 ||    37
